 Dungeon Crawl Stone Soup version 0.17-a0-2118-g63bad21 (webtiles) character file.

350 fredomojojo the Sneak (level 6, -4/47 HPs)
             Began as a Vampire Monk on Oct 21, 2015.
             Slain by a sky beast (6 damage)
             ... on level 5 of the Dungeon.
             The game lasted 00:43:28 (2272 turns).

fredomojojo the Sneak (Vampire Monk)                Turns: 2272, Time: 00:43:28

Health: -4/47      AC:  0    Str:  5    XL:     6   Next: 33%
Magic:  6/6        EV: 26    Int: 12    God:
Gold:   223        SH:  0    Dex: 24    Spells: 0 memorised, 5 levels left

rFire  . . .     SeeInvis +       - Unarmed
rCold  + . .     Clarity  .     (armour currently unavailable)
rNeg   + + .     SustAt   .     (shield currently unavailable)
rPois  +         Gourm    .     (helmet currently unavailable)
rElec  .         Spirit   .     (cloak currently unavailable)
rCorr  .         Warding  .     (gloves currently unavailable)
rMut   .         Stasis   .     (boots currently unavailable)
MR     .....                    (no amulet)
Stlth  ++++......               (ring currently unavailable)
                                (ring currently unavailable)

@: bat-form, flying, regenerating slowly, very quick, not resistant to hostile
enchantments, stealthy
A: (fangs 0), see invisible, (unbreathing)
a: End Transformation


You were on level 5 of the Dungeon.
You were very thirsty.
You were in vampire-bat-form.
You visited 1 branch of the dungeon, and saw 5 of its levels.

You collected 223 gold pieces.

Inventory:

Missiles
 l - 13 arrows
Armour
 f - a +0 cloak (melded)
 h - a +1 robe of fire resistance (melded)
 j - a +0 pair of boots (melded)
Jewellery
 a - an uncursed ring of magical power
 d - a ring of protection from cold (melded)
 e - a ring of invisibility (melded)
Scrolls
 b - a scroll of teleportation
 c - 4 scrolls of identify
 g - 4 scrolls of remove curse
 k - a scroll of recharging
Potions
 i - a potion of cancellation
 m - a potion of curing


   Skills:
 * Level 3.5 Fighting
 * Level 5.2 Dodging
 + Level 6.0 Stealth
 * Level 5.6 Unarmed Combat


You had 5 spell levels left.
You didn't know any spells.

Dungeon Overview and Level Annotations

Branches:
Dungeon (5/15)
 Temple: D:4-7

Altars:
Elyvilon


Innate Abilities, Weirdness & Mutations

You heal slowly.
((You have razor-sharp teeth.))
You have supernaturally acute eyesight.
((You can survive without breathing.))


Message History

You barely miss the phantom.
The phantom is moderately damaged.
You hit the phantom.
The phantom is moderately damaged.
The phantom hits you.
* * * LOW HITPOINT WARNING * * *
The phantom blinks!
You fly downwards.
The orc misses you.
There is a stone staircase leading up here.
A sky beast comes into view.
You see here a glowing robe.
Found a bread ration.
The sky beast hits you.
* * * LOW HITPOINT WARNING * * *
The sky beast shocks you.
* * * LOW HITPOINT WARNING * * *
The sky beast hits you.
* * * LOW HITPOINT WARNING * * *
The sky beast shocks you.
You die...

..###...###
......).#
......<.##
#....[...#
#o...###.##
#...# ##.##
.... ##.###
o###
##o.##########
#
##....b...%.#
##..Y.......#
#########..# .


You could see a sky beast and an orc.

Vanquished Creatures
  An ogre (D:4)
  2 hounds (D:4)
  A crimson imp (D:3)
  2 iguanas (D:4)
  Terence (D:3)
  2 adders
  A gnoll (D:1)
  4 worms
  4 orcs
  6 bats
  A giant cockroach (D:2)
  10 goblins
  3 hobgoblins (D:2)
  4 jackals (D:3)
  2 ball pythons
  3 giant geckos
  2 giant newts
  3 kobolds
  8 rats
60 creatures vanquished.

Notes
Turn   | Place    | Note
--------------------------------------------------------------
     0 | D:1      | fredomojojo the Vampire Monk began the quest for the Orb.
     0 | D:1      | Reached XP level 1. HP: 17/17 MP: 1/1
   101 | D:1      | Reached XP level 2. HP: 14/23 MP: 2/2
   417 | D:1      | Reached XP level 3. HP: 19/28 MP: 3/3
   554 | D:2      | Found a white marble altar of Elyvilon.
   829 | D:2      | Reached skill level 5 in Unarmed Combat
   949 | D:3      | Reached XP level 4. HP: 25/35 MP: 4/4
   988 | D:3      | Noticed Terence
  1147 | D:4      | Noticed an ogre
  1453 | D:3      | Killed Terence
  1453 | D:3      | Reached skill level 5 in Stealth
  1497 | D:3      | Reached XP level 5. HP: 36/41 MP: 5/5
  1932 | D:4      | Killed an ogre
  1932 | D:4      | Reached XP level 6. HP: 16/47 MP: 6/6
  2007 | D:4      | Reached skill level 5 in Dodging
  2125 | D:4      | Reached skill level 6 in Stealth
  2142 | D:4      | Noticed a black bear
  2200 | D:5      | Entered Level 5 of the Dungeon
  2272 | D:5      | HP: 2/47 [sky beast (5)]
  2272 | D:5      | Slain by a sky beast

Vault maps used:
D:1:      dpeg_arrival_tiny_g, st_stairs_7, minmay_misc_feat_chi
D:2:      lemuel_doored_altar, first_bread
D:3:      uniq_terence
D:4:      black_bear_nest_2, minivault_11
D:5:      grunt_gozag_breadcrumbs, temple_fountains

Action                   |  1- 3 |  4- 6 || total
-------------------------+-------+-------++-------
Melee: Unarmed           |   113 |   158 ||   271
 Abil: Bat Form          |       |     2 ||     2
       End Transformatio |       |     1 ||     1
       Evoke Invisibilit |       |     1 ||     1
  Use: Potion            |     4 |     3 ||     7
       Scroll            |     3 |     4 ||     7
 Stab: Sleeping          |    18 |     7 ||    25
       Distracted        |     1 |     1 ||     2
       Invisible         |       |     4 ||     4
